 Dungeon Crawl Stone Soup version 0.29.1-2-gbd0b4ee654 (webtiles) character file.

Game seed: 8977537635572531391

1479 avis the Cleaver (level 8, -3/68 HPs)
             Began as a Hill Orc Monk on Oct 29, 2022.
             Was a Believer of Beogh.
             Splashed by a jelly's acid (4 damage)
             ... on level 6 of the Dungeon.
             The game lasted 00:36:08 (7417 turns).

avis the Cleaver (Hill Orc Monk)                    Turns: 7417, Time: 00:36:09

Health: -3/68      AC: -12   Str: 16    XL:     8   Next: 79%
Magic:  8/8        EV:  7    Int: 10    God:    Beogh [**....]
Gold:   150        SH:  5    Dex: 13    Spells: 7/7 levels left

rFire   . . .      SeeInvis .   a - +0 war axe
rCold   . . .      Faith    .   v - +0 buckler
rNeg    . . .      Spirit   .   p - +0 chain mail
rPois   .          Reflect  .   y - +1 helmet
rElec   .          Harm     .   (no cloak)
rCorr   .          Rampage  .   (no gloves)
Will    .....                   (no boots)
Stlth   ..........              d - amulet of magic regeneration
HPRegen 0.21/turn               (no ring)
MPRegen 0.51/turn               (no ring)

@: corroded, studying Armour
A: no striking features
a: Renounce Religion, Smiting


You were on level 6 of the Dungeon.
You worshipped Beogh.
Beogh was pleased with you.
You visited 2 branches of the dungeon, and saw 8 of its levels.

You collected 282 gold pieces.
You spent 132 gold pieces at shops.

Inventory:

Hand Weapons
 a - a +0 war axe (weapon)
 b - a +1 dagger of draining
 f - a +0 hand axe
Armour
 p - a +0 chain mail (worn)
 v - a +0 buckler (worn)
 y - a +1 helmet (worn)
Jewellery
 d - an amulet of magic regeneration (around neck)
Scrolls
 g - a scroll of amnesia {unknown}
 h - a scroll of torment {unknown}
 j - a scroll of brand weapon {unknown}
 k - 6 scrolls of teleportation {unknown}
 n - a scroll of blinking {unknown}
 s - a scroll of poison {unknown}
 t - a scroll of silence {unknown}
 u - a scroll of butterflies
Potions
 c - a potion of haste
 e - a potion of lignification
 D - a potion of magic {unknown}


   Skills:
 - Level 5.0 Fighting
 * Level 12.1 Axes
 + Level 4.7 Armour
 - Level 2.4 Dodging
 - Level 1.5 Stealth
 - Level 4.0 Shields


You had 7 spell levels left.
You didn't know any spells.
Your spell library contained the following spells:

 Spells                   Type           Power      Damage    Failure   Level
 Corpse Rot               Necr/Pois/Air  0%         N/A       100%        4
 Dispel Undead            Necr           0%         3d6       100%        4
 Death Channel            Necr           0%         N/A       100%        6


Dungeon Overview and Level Annotations

Branches:
Dungeon (7/15)             Temple (1/1) D:5

Altars:
Ashenzari
Cheibriados
Dithmenos
Elyvilon
Fedhas
Gozag
Hepliaklqana
Kikubaaqudgha
Makhleb
Okawaru
Qazlal
Ru
Sif Muna
Trog
Uskayaw
Vehumet
Wu Jian
Xom
Yredelemnul
Zin

Shops:
D:2 (   D:4 ?

Annotations:
D:1 Glass case


Message History

e - a potion of lignification You start resting.
HP restored.
Found an opulent altar of Gozag.
A jelly comes into view.
The jelly quivers.
You see here 16 gold pieces.
You now have 150 gold pieces (gained 16).
You hit the jelly. The acid corrodes you!
Your hands burn!
The jelly is lightly wounded.
The jelly hits you. The acid corrodes you!
You are splashed with acid.
You completely miss the jelly.
The jelly is lightly wounded.
The jelly completely misses you.
You slash the jelly! The acid corrodes you!
Your hands burn!
The jelly is moderately wounded.
The jelly hits you. The acid corrodes you!
You are splashed with acid!
You slash the jelly!
Your hands burn!
The jelly is severely wounded.
The jelly hits you.
You are splashed with acid!
You hit the jelly but do no damage.
Your hands burn!
The jelly is severely wounded.
The jelly hits you. The acid corrodes you!
You are splashed with acid!
You hit the jelly but do no damage.
Your hands burn!
* * * LOW HITPOINT WARNING * * *
The jelly is severely wounded.
The jelly hits you.
* * * LOW HITPOINT WARNING * * *
The acid corrodes you!
You are splashed with acid.
* * * LOW HITPOINT WARNING * * *
You hit the jelly.
Your hands burn!
* * * LOW HITPOINT WARNING * * *
The jelly is severely wounded.
The jelly hits you.
* * * LOW HITPOINT WARNING * * *
The acid corrodes you!
You are splashed with acid!
* * * LOW HITPOINT WARNING * * *
Okay, then.
You hit the jelly but do no damage. The acid corrodes you!
Your hands burn!
You die...

'.. #.. #... ...#
#..# ######
#..##...... ..
#J......# #.#
#@## #.. #..#
##.## ##.# ## #
##...## #.# ##.
#.##.....#####.##
###..
#.#.......#.....#
###....
#....._.....###.#
##....##
#.#.......###
#.## ###...####
#.##.....##
#..####....###..


You could see a jelly.

Vanquished Creatures
  Eustachio (D:6)
  A black bear (D:5)
  3 ogres
  2 centaurs (D:5)
  2 phantoms
  A scorpion (D:5)
  3 necrophages (D:5)
  A jelly (D:6)
  2 hounds (D:5)
  An orc priest (D:5)
  2 iguanas
  An orc wizard (D:4)
  3 gnolls (D:5)
  7 adders
  A shadow imp (D:6)
  A white imp (D:5)
  An ufetubus (D:3)
  4 worms
  5 dart slugs
  9 orcs
  6 ball pythons
  8 endoplasms
  2 giant cockroaches
  9 goblins
  12 hobgoblins
  5 jackals (D:1)
  5 quokkas
  5 bats
  4 frilled lizards
  7 kobolds
  26 rats
  A butterfly (D:5)
141 creatures vanquished.

Vanquished Creatures (others)
  An orc priest (D:6)
  A shadow imp (D:6)
  12 fungi (D:3)
  2 plants (D:3)
16 creatures vanquished.

Grand Total: 157 creatures vanquished

Notes
Turn   | Place    | Note
-------+----------+-------------------------------------------
     0 | D:1      | avis the Hill Orc Monk began the quest for the Orb.
     0 | D:1      | Reached XP level 1. HP: 19/19 MP: 1/1
   282 | D:1      | Reached XP level 2. HP: 21/26 MP: 2/2
   441 | D:1      | Reached skill level 5 in Axes
   710 | D:1      | Reached XP level 3. HP: 26/31 MP: 3/3
  1187 | D:2      | Found a faded altar of an unknown god.
  1222 | D:1      | Reached skill level 6 in Axes
  1546 | D:2      | Found Gaciclarr's Weapon Shop.
  2132 | D:3      | Reached XP level 4. HP: 37/39 MP: 4/4
  2383 | D:3      | Found a stormy altar of Qazlal.
  2883 | D:3      | Found a blossoming altar of Fedhas.
  2898 | D:3      | Reached skill level 7 in Axes
  2991 | D:4      | Found Erougufida's Magic Scroll Shop.
  2994 | D:4      | Bought a scroll of noise for 12 gold pieces
  2994 | D:4      | Bought a scroll of butterflies for 48 gold pieces
  2994 | D:4      | Bought a scroll of identify for 24 gold pieces
  3316 | D:4      | Reached XP level 5. HP: 45/45 MP: 5/5
  3385 | D:4      | Reached skill level 1 in Shields
  4282 | D:4      | Reached XP level 6. HP: 52/52 MP: 6/6
  4349 | D:4      | Bought a scroll of vulnerability for 48 gold pieces
  4356 | D:5      | Entered Level 5 of the Dungeon
  4514 | D:5      | Reached skill level 8 in Axes
  5072 | D:5      | Found a hide-covered altar of Uskayaw.
  5119 | D:5      | Found a glowing silver altar of Zin.
  5147 | D:5      | Reached XP level 7. HP: 53/60 MP: 7/7
  5252 | D:5      | Reached skill level 9 in Axes
  5300 | D:5      | Reached skill level 5 in Fighting
  5358 | D:5      | Reached skill level 10 in Axes
  5358 | D:5      | Reached XP level 8. HP: 43/68 MP: 8/8
  5767 | D:5      | Found a staircase to the Ecumenical Temple.
  5797 | Temple   | Entered the Ecumenical Temple
  5797 | Temple   | Found a transporter.
  5797 | Temple   | Found a transporter.
  5799 | Temple   | Found a transporter.
  5799 | Temple   | Found a transporter.
  5869 | D:5      | Found a basalt altar of Yredelemnul.
  5870 | D:5      | Found a burning altar of Makhleb.
  5925 | D:5      | Reached skill level 1 in Armour
  6016 | D:5      | Reached skill level 11 in Axes
  6320 | D:6      | Became a worshipper of Beogh the Brigand
  6320 | D:6      | Reached * piety under Beogh
  6320 | D:6      | Reached ** piety under Beogh
  6505 | D:6      | Noticed Eustachio
  6976 | D:6      | Killed Eustachio
  7222 | D:6      | Reached skill level 12 in Axes
  7391 | D:6      | Found an opulent altar of Gozag.
  7416 | D:6      | HP: 1/68 [acid (7)]
  7417 | D:6      | Splashed by a jelly's acid

Illustrated notes

Levels and vault maps discovered:
D:1:      lemuel_arrival_lava_pool, layout_loops_cross, hangedman_decor_points,
          moated_statue, due_unseen_surprise
D:2:      layout_basic, hellmonk_ecumenical_altar_pennies_from_heaven,
          serial_shops, shop, minmay_fountain_box
D:3:      layout_rooms, nicolae_qazlal_general_emergency, fedhas_altar_3,
          minmay_liquid_box
D:4:      layout_loops_ring, serial_shops, nicolae_stop_n_shop_2,
          minmay_rat_hole
D:5:      layout_loops_ring, gammafunk_temple_overflow_pools,
          mainiacjoe_overflow_catch_the_wave, minmay_temple_entry_butterflies,
          minmay_manual_mandibuliform
D:6:      layout_cave_pods, mainiacjoe_overflow_24_doors, lemuel_round_altar,
          uniq_eustachio
D:7:      layout_loops_ring, nicolae_take_the_stairs
Temple:   hellmonk_temple_divided_pantheon

Skill      XL: |  1  2  3  4  5  6  7  8 |
---------------+-------------------------+-----
Axes           | 5 6 7 8 10 12 | 12.1
Shields        | 1 2 4 |  4.0
Fighting       | 4 5 |  5.0
Armour         | 4 |  4.7
Dodging        | |  2.4
Stealth        | |  1.5

Action                   |  1- 3 |  4- 6 |  7- 9 || total
-------------------------+-------+-------+-------++-------
Melee: Hand axe          |   143 |   275 |   255 ||   673
       Dagger            |     5 |     1 |     6 ||    12
       Punch             |       |     2 |       ||     2
       War axe           |       |       |    30 ||    30
Invok: Convert to Beogh  |       |       |     1 ||     1
  Use: Scroll            |       |     5 |     1 ||     6
       Potion            |       |       |     5 ||     5
 Stab: Sleeping          |     1 |       |       ||     1
Armor: Ring mail         |    34 |       |       ||    34
       Robe              |     3 |       |       ||     3
       Chain mail        |     2 |   126 |   218 ||   346
Dodge: Dodged            |    75 |    79 |   117 ||   271
Block: Buckler           |       |    20 |    71 ||    91
